 Dungeon Crawl Stone Soup version 0.28.0-47-ge53b351184 (webtiles) character file.

Game seed: 10240259999832087810

1047 Kenran the Ruffian (level 8, -1/67 HPs)
             Began as a Palentonga Fighter on Apr 26, 2022.
             Splashed by a jelly's acid (8 damage)
             ... on level 5 of the Dungeon.
             The game lasted 00:08:00 (4907 turns).

Kenran the Ruffian (Palentonga Fighter)             Turns: 4907, Time: 00:08:01

Health: -1/67      AC:  4    Str: 22    XL:     8   Next: 5%
Magic:  8/8        EV:  7    Int:  8    God:
Gold:   202        SH:  4    Dex: 10    Spells: 7/7 levels left

rFire   . . .      SeeInvis +     - Unarmed
rCold   + . .      Faith    .   b - +0 buckler
rNeg    . . .      Spirit   .   a - +0 scale mail
rPois   +          Reflect  .   (no helmet)
rElec   .          Harm     .   f - scarf {shadows}
rCorr   .          Rampage  .   q - +1 pair of gloves
Will    .....                   (no barding)
Stlth   ..........              (no amulet)
HPRegen 0.21/turn               j - ring of poison resistance
MPRegen 0.11/turn               y - ring of protection from cold

@: corroded, slowed, curled up, very slow
A: large, rugged brown scales 3, see invisible, deformed body, roll 1, armoured
tail, reflexive curl
a: Rolling Charge


You were on level 5 of the Dungeon.
You visited 1 branch of the dungeon, and saw 5 of its levels.
You also visited: Sewer.

You collected 292 gold pieces.
You spent 90 gold pieces at shops.

Inventory:

Missiles
 i - 123 stones
 p - 5 silver javelins
 s - 6 boomerangs
Armour
 a - a +0 scale mail (worn)
 b - a +0 buckler (worn)
 f - a scarf of shadows (worn)
 q - a +1 pair of gloves (worn)
Jewellery
 j - a ring of poison resistance (left hand)
 y - a ring of protection from cold (right hand)
Scrolls
 e - 5 scrolls of identify {unknown}
 g - a scroll of blinking {unknown}
 h - 3 scrolls of teleportation
 o - a scroll of brand weapon {unknown}
 r - a scroll of immolation {unknown}
 u - a scroll of summoning {unknown}
 w - 3 scrolls of fog {unknown}
Potions
 c - a potion of cancellation {unknown}
 d - a potion of resistance {unknown}
 k - a potion of flight {unknown}
 l - a potion of haste {unknown}
 m - 4 potions of curing
 n - 2 potions of brilliance {unknown}
 t - a potion of heal wounds {unknown}
 v - 2 potions of mutation {unknown}
 x - a potion of lignification {unknown}


   Skills:
 + Level 5.4 Fighting
 + Level 3.4 Armour
 + Level 3.4 Shields
 + Level 7.3 Unarmed Combat


You had 7 spell levels left.
You didn't know any spells.
Your spell library contained the following spells:

 Spells                   Type           Power      Damage    Failure   Level
 Ensorcelled Hibernation  Hex/Ice        0%         N/A       91%         2
 Gell's Gravitas          Tloc           0%         N/A       99%         3
 Spider Form              Tmut/Pois      0%         N/A       99%         3
 Teleport Other           Tloc           0%         N/A       99%         3
 Tukima's Dance           Hex            0%         N/A       99%         3
 Anguish                  Hex/Necr       0%         N/A       100%        4
 Passage of Golubria      Tloc           0%         N/A       100%        4
 Yara's Violent Unravell  Hex/Tmut       0%         3d3       100%        5
 Dispersal                Tloc           0%         N/A       100%        6


Dungeon Overview and Level Annotations

Branches:
Dungeon (5/15)              Sewer (visited)
 Temple: D:4-7

Altars:

Shops:
D:1 (   D:5 =*


Innate Abilities, Weirdness & Mutations

You are completely covered in rugged brown scales. (AC +3, +7% HP)
You have supernaturally acute eyesight. (SInv)
Armour fits poorly on your strangely shaped body.
You can roll at nearby foes to attack.
You have a long armoured tail.
You curl defensively after being hit. (AC +7*)


Message History

You kill the kobold!
The kobold hits you but does no damage.
You closely miss the kobold.
The kobold brigand throws a curare-tipped dart.
You block the curare-tipped dart. The kobold completely misses you.
You punch the kobold!
You kill the kobold!
You hit the kobold but do no damage. You tail-slap the kobold.
You kill the kobold!
You closely miss the kobold. The kobold closely misses you.
You barely miss the jelly. The kobold hits you but does no damage.
The jelly hits you. The acid corrodes you!
You are splashed with acid!
You hit the jelly but do no damage. The acid corrodes you!
Your hands burn!
You tail-slap the jelly, but do no damage.
The jelly completely misses you.
You punch the jelly!
Your hands burn!
The jelly is heavily wounded.
The jelly hits you.
You are splashed with acid!
You hit the jelly.
Your hands burn!
The jelly is severely wounded.
The kobold brigand barely misses you. The jelly closely misses you.
You hit the jelly.
Your hands burn!
The jelly is severely wounded.
The kobold brigand hits you with a +0 dagger.
The kobold barely misses you.
You hit the jelly.
Your hands burn!
You tail-slap the jelly, but do no damage.
The jelly is severely wounded.
The jelly hits you. The acid corrodes you!
You are splashed with acid.
* * * LOW HITPOINT WARNING * * *
You block the kobold brigand's attack. The kobold hits you but does no damage.
The kobold brigand throws a curare-tipped dart.
The curare-tipped dart hits you.
You have difficulty breathing.
* * * LOW HITPOINT WARNING * * *
You feel yourself slow down. You block the jelly's attack. The jelly hits you.
* * * LOW HITPOINT WARNING * * *
You are splashed with acid!
You die...

#.....## #......# #.#
#..))# #>. . #....# #.# #
###....###.# #
........##.# ####
#.......K##.# ....
#......KJ##.#############
#.......@##.)............
#........##......########
........................
........##......###.....
........##......# #.....
################# #.....
#####..... #.........
#.........


You could see a kobold brigand, a jelly and a kobold.

Vanquished Creatures
  Sigmund (D:2)
  Edmund (D:4)
  Pargi (Sewer)
  3 ogres (D:4)
  2 scorpions
  A howler monkey (D:5)
  2 hounds
  An orc wizard (D:4)
  A hound skeleton (D:4)
  A howler monkey skeleton (D:5)
  7 adders
  A worm (D:2)
  4 dart slugs
  17 orcs
  8 endoplasms
  10 giant cockroaches
  9 goblins
  6 hobgoblins
  8 jackals
  5 quokkas
  9 ball pythons
  7 bats
  2 frilled lizards
  8 kobolds
115 creatures vanquished.

Notes
Turn   | Place    | Note
-------+----------+-------------------------------------------
     0 | D:1      | Kenran the Palentonga Fighter began the quest for the Orb.
     0 | D:1      | Reached XP level 1. HP: 19/19 MP: 1/1
   306 | D:1      | You fall into a shaft and drop 1 floor!
   482 | D:2      | Reached XP level 2. HP: 25/25 MP: 2/2
   514 | D:1      | Found a faded altar of an unknown god.
   884 | D:1      | Found Feklyodd's Antique Weapon Emporium.
   945 | D:1      | Reached skill level 3 in Unarmed Combat
  1265 | D:2      | Reached XP level 3. HP: 31/31 MP: 3/3
  1327 | D:2      | Noticed Sigmund
  1351 | D:2      | Killed Sigmund
  1352 | D:2      | Reached skill level 4 in Unarmed Combat
  1352 | D:2      | Reached skill level 5 in Unarmed Combat
  1352 | D:2      | Reached XP level 4. HP: 11/37 MP: 4/4
  1352 | D:2      | Reached XP level 5. HP: 13/43 MP: 5/5
  2234 | D:3      | Reached XP level 6. HP: 45/50 MP: 6/6
  3063 | D:4      | Found a glowing drain.
  3125 | Sewer    | Entered a sewer
  3153 | Sewer    | Reached skill level 6 in Unarmed Combat
  3170 | Sewer    | Noticed Pargi
  3183 | Sewer    | Killed Pargi
  3184 | Sewer    | Gained mutation: You curl defensively after being hit. (AC
                  | +7*) [Palentonga growth]
  3184 | Sewer    | Reached XP level 7. HP: 47/57 MP: 7/7
  3684 | D:4      | Reached skill level 7 in Unarmed Combat
  4236 | D:4      | Noticed Edmund
  4250 | D:4      | Killed Edmund
  4251 | D:4      | Reached skill level 5 in Fighting
  4802 | D:5      | Entered Level 5 of the Dungeon
  4802 | D:5      | Found Cokeh's Jewellery Emporium.
  4805 | D:5      | Found Joujas's General Store.
  4812 | D:5      | Reached XP level 8. HP: 66/66 MP: 8/8
  4850 | D:5      | Bought 2 potions of curing for 60 gold pieces
  4850 | D:5      | Bought a scroll of teleportation for 30 gold pieces
  4907 | D:5      | Splashed by a jelly's acid

Illustrated notes

Levels and vault maps discovered:
D:1:      mrwooster_arrival_arrow, layout_basic, serial_shops,
          nicolae_shop_advertising_works [nicolae_subvault_shop_adworks],
          ebering_ecumenical_altar_sacrificial
D:2:      layout_rooms, uniq_sigmund
D:3:      layout_loops_cross, kennysheep_generic_room_10
D:4:      layout_basic, gup_sewer_entry_bubbles, uniq_edmund
D:5:      minmay_chambers_of_fours, layout_basic,
          minmay_temple_entry_steel_oval, serial_shops, nicolae_shop_waterfront,
          nicolae_shop_trees, shop, nicolae_stop_n_shop_2

Skill      XL: |  1  2  3  4  5  6  7 |
---------------+----------------------+-----
Unarmed Combat | 3 5 6 7 |  7.3
Armour         | 3 |  3.4
Fighting       | 4 5 |  5.4
Shields        | 3 |  3.4

Action                   |  1- 3 |  4- 6 |  7- 9 || total
-------------------------+-------+-------+-------++-------
Melee: Unarmed           |    89 |   188 |    91 ||   368
       Tailslap          |    10 |    20 |    11 ||    41
 Abil: Rolling Charge    |       |       |     6 ||     6
  Use: Potion            |     1 |       |       ||     1
Armor: Scale mail        |    38 |    92 |    23 ||   153
Dodge: Dodged            |    22 |    54 |    22 ||    98
Block: Buckler           |    11 |    31 |     8 ||    50
